 Dungeon Crawl Stone Soup version 0.29-a0-582-ge82337ba6a (webtiles) character file.

Game seed: 11169430042685237706

756 dolemite99 the Agent of Entropy (level 8, -12/57 HPs)
             Began as a Meteoran Earth Elementalist on June 15, 2022.
             Was a Priest of Lugonu.
             Mangled by an ogre
             ... wielding a +0 giant club
              (29 damage)
             ... on level 5 of the Dungeon.
             The game lasted 00:06:26 (2184 turns).

dolemite99 the Agent of Entropy (MeEE)              Turns: 2184, Time: 00:06:27

Health: -12/57     AC:  5    Str: 10    XL:     8   Next: 28%
Magic:  13/15      EV: 12    Int: 18    God:    Lugonu [***...]
Gold:   151        SH:  0    Dex: 15    Spells: 8/12 levels left

rFire   . . .      SeeInvis .   v - +0 shortbow
rCold   . . .      Faith    .   (shield currently unavailable)
rNeg    . . .      Spirit   .   c - +0 robe
rPois   .          Reflect  .   (no helmet)
rElec   .          Harm     .   (no cloak)
rCorr   .          Rampage  .   q - +2 pair of gloves {Stlth+}
Will    +....                   (no boots)
Stlth   +.........              (no amulet)
HPRegen 0.19/turn               (no ring)
MPRegen 0.14/turn               (no ring)

@: glowing
A: sense surroundings 1, otherworldly, glowing, explore regen
a: Renounce Religion, Depart the Abyss, Bend Space, Banish


You were on level 5 of the Dungeon.
You worshipped Lugonu.
Lugonu was most pleased with you.
You visited 1 branch of the dungeon, and saw 5 of its levels.

You collected 151 gold pieces.

Inventory:

Hand Weapons
 a - a +0 dagger of draining
 d - a +0 dagger
 g - a +3 hunting sling
 j - a +0 short sword
 m - a +0 mace of distortion
 n - a +0 spear
 v - a +0 shortbow (weapon)
 w - a +0 trident
Armour
 c - a +0 robe (worn)
 i - a +0 cloak
 k - a +0 ring mail
 o - a +0 chain mail
 q - a +2 pair of gloves of stealth (worn)
Jewellery
 h - a ring of resist corrosion
 s - a ring of protection from fire
Wands
 r - a wand of acid (14)
Scrolls
 f - 3 scrolls of teleportation
 l - a scroll of identify {@r1}
Potions
 b - a potion of magic
 e - a potion of flight
 p - a potion of brilliance
 t - a potion of cancellation {unknown}
 u - a potion of lignification {unknown}


   Skills:
 - Level 2.4 Dodging
 - Level 1.4 Stealth
 - Level 2.6 Spellcasting
 - Level 1.2 Transmutations
 - Level 7.4 Earth Magic
 + Level 8.2 Invocations


You had 8 spell levels left.
You knew the following spells:

 Your Spells              Type           Power      Damage    Failure   Level
a - Sandblast             Erth           58%        2d13      1%          1
b - Stone Arrow           Conj/Erth      30%        3d8       11%         3

Your spell library contained the following spells:

 Spells                   Type           Power      Damage    Failure   Level
 Passwall                 Tmut/Erth      15%        N/A       4%          2
 Apportation              Tloc           4%         N/A       17%         1
 Necrotize                Necr           8%         1d4       17%         1
 Summon Small Mammal      Summ           8%         N/A       17%         1
 Petrify                  Tmut/Erth      18%        N/A       28%         4


Dungeon Overview and Level Annotations

Branches:
Dungeon (5/15)             Temple (0/1) D:5

Altars:
Lugonu


Innate Abilities, Weirdness & Mutations

You passively map a small area around you.
You are easily found by Zot.
You glow in the dark.
You regain HP and MP as you explore.


Message History

Things that are here:
a +0 shortbow; a centaur corpse
v - a +0 shortbow
v - a +0 shortbow (weapon)
Magic restored.
Found a trident.
You hear the rusting of a very distant drain.
You see here a +0 trident.
w - a +0 trident HP restored.
An ogre comes into view. It is wielding a +0 giant club.
Found a stone staircase leading down.
Casting: Sandblast (safe; 1% risk of failure)
Confirm with . or Enter, or press ? or * to list all spells.
Aiming: Sandblast (safe; 1% risk of failure)
Press: ? - help, Shift-Dir - straight line, f - ogre
Aim: an ogre, wielding a +0 giant club (asleep, 100% to hit)
The blast of sand hits the ogre.
The ogre is lightly wounded.
The ogre shouts!
You hear a bark!
The ogre hits you with a +0 giant club!!
Casting: Sandblast (safe; 1% risk of failure)
Confirm with . or Enter, or press ? or * to list all spells.
Aiming: Sandblast (safe; 1% risk of failure)
Press: ? - help, Shift-Dir - straight line, f/p - ogre
Aim: an ogre, wielding a +0 giant club (lightly wounded, 91% to hit)
The blast of sand hits the ogre.
The ogre is moderately wounded.
The ogre hits you with a +0 giant club!
* * * LOW HITPOINT WARNING * * *
Casting: Sandblast (safe; 1% risk of failure)
Confirm with . or Enter, or press ? or * to list all spells.
Aiming: Sandblast (safe; 1% risk of failure)
Press: ? - help, Shift-Dir - straight line, f/p - ogre
Aim: an ogre, wielding a +0 giant club (moderately wounded, 91% to hit)
The blast of sand hits the ogre!
The ogre is severely wounded.
The ogre hits you with a +0 giant club!!
Ouch! That really hurt!
You die...

, #.......###### #.
#.......#..... #.
#.......#.#### #>
#########.##.. #.
#.##.# #.
########..... #.
#.......###.#
#O#####.#####.# #.#
#.@...#.#####.###.#
#####.#.##........#
#......##.#####
###.#####.#
#.......# #########


You could see an ogre.

Vanquished Creatures
  A black bear (D:4)
  A centaur (D:5)
  2 phantoms
  A necrophage (D:4)
  3 hounds
  A jelly (D:5)
  A gnoll shaman (D:4)
  An iguana (D:5)
  An orc wizard (D:5)
  4 gnolls (D:4)
  4 adders
  3 dart slugs
  6 orcs
  6 ball pythons
  6 endoplasms
  3 giant cockroaches
  10 goblins
  9 hobgoblins
  8 jackals
  8 kobolds
  4 quokkas
  3 bats (D:3)
  6 frilled lizards
  5 rats
97 creatures vanquished.

Vanquished Creatures (others)
  A plant (D:3)
1 creature vanquished.

Grand Total: 98 creatures vanquished

Notes
Turn   | Place    | Note
-------+----------+-------------------------------------------
     0 | D:1      | dolemite99 the Meteoran Earth Elementalist began the quest
                  | for the Orb.
     0 | D:1      | Reached XP level 1. HP: 14/14 MP: 5/5
   201 | D:1      | Reached XP level 2. HP: 20/20 MP: 4/6
   336 | D:1      | Reached XP level 3. HP: 26/26 MP: 6/8
   460 | D:1      | Reached skill level 5 in Earth Magic
   632 | D:1      | Found a faded altar of an unknown god.
   652 | D:1      | Prayed at the altar of an unknown god.
   652 | D:1      | Became a worshipper of Lugonu the Unformed
   652 | D:1      | Reached * piety under Lugonu
   652 | D:1      | Reached ** piety under Lugonu
   862 | D:1      | Reached XP level 4. HP: 33/33 MP: 7/9
   897 | D:2      | Learned a level 3 spell: Stone Arrow
  1051 | D:2      | Glimpsed the power of Zot.
  1261 | D:3      | Reached XP level 5. HP: 22/38 MP: 7/10
  1370 | D:3      | Reached *** piety under Lugonu
  1458 | D:4      | Noticed a phantom
  1469 | D:4      | Killed a phantom
  1470 | D:4      | Reached XP level 6. HP: 20/45 MP: 5/11
  1558 | D:4      | Noticed a black bear
  1562 | D:4      | Killed a black bear
  1563 | D:4      | Reached skill level 3 in Invocations
  1666 | D:4      | Reached skill level 4 in Invocations
  1666 | D:4      | Reached XP level 7. HP: 50/50 MP: 9/12
  1769 | D:4      | Reached skill level 5 in Invocations
  1882 | D:4      | Reached skill level 6 in Invocations
  1914 | D:5      | Entered Level 5 of the Dungeon
  1986 | D:5      | Reached skill level 7 in Invocations
  1986 | D:5      | Reached XP level 8. HP: 54/57 MP: 11/14
  2129 | D:5      | Reached skill level 8 in Invocations
  2184 | D:5      | Mangled by an ogre

Illustrated notes

Levels and vault maps discovered:
D:1:      minmay_arrival_solitary_statue, layout_loops_ring,
          ebering_ecumenical_altar_ruins
D:2:      layout_loops_ring
D:3:      layout_rooms, saegor_snake_ambush
D:4:      layout_cave_pools
D:5:      layout_loops_cross, minmay_temple_entry_statues_fountains,
          portal_sewer_entry_d, grunt_ministairs_12

Skill      XL: |  1  2  3  4  5  6  7  8 |
---------------+-------------------------+-----
Earth Magic    | 4 5 6 7 |  7.4
Invocations    | 4 7 8 |  8.2
Dodging        | |  2.4
Stealth        | |  1.4
Spellcasting   | |  2.6
Transmutations | |  1.2

Action                   |  1- 3 |  4- 6 |  7- 9 || total
-------------------------+-------+-------+-------++-------
Melee: Dagger            |     6 |    20 |    22 ||    48
 Cast: Sandblast         |    42 |    61 |    42 ||   145
  Use: Scroll            |       |     5 |     3 ||     8
       Potion            |       |     2 |       ||     2
Armor: Robe              |     9 |    42 |    21 ||    72
Dodge: Dodged            |    11 |    66 |    48 ||   125

Table legend: (Time is in decaauts)
 A = Elapsed time spent in this place.
 B = Non-inter-level travel time spent in this place.
 C = Inter-level travel time spent in this place.
 D = Time resting spent in this place.
 E = Time spent auto-exploring this place.
 F = Levels seen in this place.
 G = Mean time per level.
                   A        B        C        D        E       F      G
               +--------+--------+--------+--------+--------+-----+--------+
         Total |   2329 |   2281 |     48 |    333 |    854 |   5 |  465.8 |
       Dungeon |   2329 |   2281 |     48 |    333 |    854 |   5 |  465.8 |
               +--------+--------+--------+--------+--------+-----+--------+

Top non-repeatable levels by time:
     D:1: 916 daAuts
     D:4: 465 daAuts
     D:3: 342 daAuts
     D:2: 316 daAuts
     D:5: 289 daAuts
